 Dungeon Crawl Stone Soup version 0.29-a0-275-g389c0b56f3 (webtiles) character file.

Game seed: 17622113232360271531

616 vineage the Skirmisher (level 7, -5/48 HPs)
             Began as a Gargoyle Fighter on Mar 9, 2022.
             Slain by Duvessa
             ... wielding a +0 short sword
              (11 damage)
             ... on level 5 of the Dungeon.
             The game lasted 00:03:22 (3315 turns).

vineage the Skirmisher (Gargoyle Fighter)           Turns: 3315, Time: 00:03:22

Health: -5/48      AC: 14    Str: 19    XL:     7   Next: 45%
Magic:  7/7        EV:  9    Int:  9    God:
Gold:   211        SH:  5    Dex: 11    Spells: 6/6 levels left

rFire   . . .      SeeInvis .   a - +0 flail (vorpal)
rCold   . . .      Faith    .   c - +1 buckler
rNeg    + . .      Spirit   .   b - +0 scale mail
rPois   ∞          Reflect  .   (no helmet)
rElec   +          Harm     .   d - +2 cloak
rCorr   .          Rampage  .   (no gloves)
Will    .....                   (no boots)
Stlth   ..........              i - amulet of regeneration
HPRegen 0.96/turn               (no ring)
MPRegen 0.10/turn               (no ring)

@: no status effects
A: sickness immunity, AC +4, negative energy resistance 1, electricity
resistance, torment resistance 1, petrification resistance
a: no special abilities


You were on level 5 of the Dungeon.
You visited 1 branch of the dungeon, and saw 5 of its levels.

You collected 211 gold pieces.

Inventory:

Hand Weapons
 a - a +0 vorpal flail (weapon)
Armour
 b - a +0 scale mail (worn)
 c - a +1 buckler (worn)
 d - a +2 cloak (worn)
Jewellery
 i - an amulet of regeneration (around neck)
Wands
 h - a wand of iceblast (9)
Scrolls
 k - 2 scrolls of identify
 m - a scroll of teleportation {unknown}
 o - a scroll of brand weapon
 p - a scroll of immolation {unknown}
Potions
 e - a potion of degeneration {unknown}
 f - 2 potions of mutation
 g - 2 potions of lignification
 j - a potion of flight {unknown}
 l - a potion of might
 n - a potion of cancellation {unknown}
 q - a potion of heal wounds {unknown}


   Skills:
 * Level 7.7 Fighting
 + Level 4.8 Maces & Flails
 - Level 3.2 Armour
 - Level 3.2 Shields


You had 6 spell levels left.
You didn't know any spells.
Your spell library contained the following spells:

 Spells                   Type           Power      Damage    Failure   Level
 Scorch                   Fire           0%         2d5       94%         2
 Frozen Ramparts          Ice            0%         1d2       99%         3
 Summon Guardian Golem    Hex/Summ       0%         N/A       99%         3
 Flame Wave               Conj/Fire      0%         2d4       100%        4
 Ice Form                 Ice/Tmut       0%         N/A       100%        4
 Summon Ice Beast         Ice/Summ       0%         N/A       100%        4
 Summon Cactus Giant      Summ           0%         N/A       100%        6
 Orb of Destruction       Conj           0%         9d5       100%        7
 Spellforged Servitor     Conj/Summ      0%         N/A       100%        7


Dungeon Overview and Level Annotations

Branches:
Dungeon (6/15)
 Temple: D:4-7

Altars:
Makhleb

Annotations:
D:5 Duvessa


Innate Abilities, Weirdness & Mutations

You are immune to sickness and miasma.
Your stone body is resilient. (AC +4)
You are immune to poison.
You resist negative energy. (rN+)
You are resistant to electric shocks. (rElec)
You are resistant to unholy torment.
You are immune to petrification.


Message History

Duvessa hits you with a +0 short sword!
You thump Duvessa!
Duvessa is severely wounded.
You block Duvessa's attack. Duvessa closely misses you.
You hit Duvessa but do no damage.
Duvessa is severely wounded.
Duvessa hits you with a +0 short sword. x2
You barely miss Duvessa.
Duvessa is severely wounded.
Duvessa barely misses you. x2
You completely miss Duvessa.
Duvessa is severely wounded.
Duvessa barely misses you.
You thump Duvessa!
Duvessa is almost dead.
Duvessa hits you with a +0 short sword! Duvessa hits you but does no damage.
You are too injured to fight recklessly!
You are too injured to fight recklessly!
You are too injured to fight recklessly!
You are too injured to fight recklessly!
You are too injured to fight recklessly!
You are too injured to fight recklessly!
You are too injured to fight recklessly!
You are too injured to fight recklessly!
You are too injured to fight recklessly!
You are too injured to fight recklessly!
You are too injured to fight recklessly!
You are too injured to fight recklessly!
You are too injured to fight recklessly!
You hit Duvessa but do no damage.
Duvessa is almost dead.
Duvessa hits you with a +0 short sword!
* * * LOW HITPOINT WARNING * * *
Duvessa hits you with a +0 short sword.
* * * LOW HITPOINT WARNING * * *
Okay, then.
You closely miss Duvessa.
Duvessa is almost dead.
Duvessa hits you with a +0 short sword!
You die...

#######
./.....
....... ###
......)#####.#
.......e@....#
.......#####.#
....... #.#
....... #.#
....... ###
.......
.......
#.#####


You could see Duvessa (berserk, fast).

Vanquished Creatures
  Sigmund (D:2)
  An ice beast (D:5)
  Dowan (D:5)
  A howler monkey (D:3)
  2 orc priests (D:2)
  Crazy Yiuf (D:2)
  Terence (D:2)
  Natasha (thrice) (D:2)
  An adder (D:2)
  3 dart slugs
  3 orcs
  5 endoplasms
  3 giant cockroaches (D:3)
  2 goblins (D:1)
  5 hobgoblins
  6 quokkas
  5 ball pythons
  9 bats
  10 kobolds
  7 rats
70 creatures vanquished.

Notes
Turn   | Place    | Note
-------+----------+-------------------------------------------
     0 | D:1      | vineage the Gargoyle Fighter began the quest for the Orb.
     0 | D:1      | Reached XP level 1. HP: 14/14 MP: 1/1
   155 | D:1      | Reached XP level 2. HP: 20/20 MP: 2/2
   503 | D:1      | Reached skill level 4 in Fighting
   726 | D:1      | Reached XP level 3. HP: 16/24 MP: 3/3
   831 | D:1      | Found a faded altar of an unknown god.
  1419 | D:2      | Found a burning altar of Makhleb.
  1436 | D:2      | Noticed Natasha
  1449 | D:2      | Killed Natasha
  1450 | D:2      | Reached XP level 4. HP: 11/30 MP: 4/4
  1632 | D:2      | Noticed Sigmund
  1650 | D:2      | Killed Sigmund
  1651 | D:2      | Reached skill level 6 in Fighting
  1651 | D:2      | Reached XP level 5. HP: 27/36 MP: 5/5
  1651 | D:2      | Reached XP level 6. HP: 31/41 MP: 6/6
  1701 | D:2      | Noticed Natasha
  1712 | D:2      | Killed Natasha
  1884 | D:2      | Noticed Natasha
  1891 | D:2      | Killed Natasha
  2563 | D:2      | Noticed Terence
  2578 | D:2      | Killed Terence
  2622 | D:2      | Found a runed translucent door.
  2623 | D:2      | Noticed Crazy Yiuf
  2641 | D:2      | Killed Crazy Yiuf
  2642 | D:2      | Reached skill level 7 in Fighting
  2747 | D:3      | Reached XP level 7. HP: 48/48 MP: 7/7
  3234 | D:3      | You fall into a shaft and drop 3 floors!
  3280 | D:5      | Entered Level 5 of the Dungeon
  3290 | D:5      | Noticed Duvessa
  3290 | D:5      | Noticed Dowan
  3302 | D:5      | Killed Dowan
  3315 | D:5      | Slain by Duvessa

Illustrated notes

Levels and vault maps discovered:
D:1:      evilmike_arrival_hilbert_curve, layout_basic,
          ebering_ecumenical_altar_petrified
D:2:      layout_basic, basic_altar, uniq_sigmund, uniq_natasha, uniq_terence,
          uniq_crazy_yiuf_cottage
D:3:      layout_loops_ring, serial_park_tiny_1, grunt_decor_clamped,
          kennysheep_nub, minmay_misc_feat_plants
D:5:      layout_basic, kennysheep_minor_cross, kennysheep_generic_room_10,
          uniq_duvessa
D:6:      layout_cave_pools

Skill      XL: |  1  2  3  4  5  6 |
---------------+-------------------+-----
Fighting       | 4 6 7 |  7.7
Maces & Flails | 3 4 |  4.8
Armour         | |  3.2
Shields        | |  3.2

Action                   |  1- 3 |  4- 6 |  7- 9 || total
-------------------------+-------+-------+-------++-------
Melee: Flail             |   100 |    95 |    66 ||   261
  Use: Scroll            |     3 |     1 |     1 ||     5
       Potion            |       |     3 |       ||     3
Armor: Scale mail        |    56 |    41 |    45 ||   142
       Skin              |       |     3 |       ||     3
Dodge: Dodged            |    53 |    23 |    34 ||   110
Block: Buckler           |    16 |    19 |    16 ||    51

Table legend: (Time is in decaauts)
 A = Elapsed time spent in this place.
 B = Non-inter-level travel time spent in this place.
 C = Inter-level travel time spent in this place.
 D = Time resting spent in this place.
 E = Time spent auto-exploring this place.
 F = Levels seen in this place.
 G = Mean time per level.
                   A        B        C        D        E       F      G
               +--------+--------+--------+--------+--------+-----+--------+
         Total |   3391 |   3316 |     75 |    205 |   2469 |   5 |  678.2 |
       Dungeon |   3391 |   3316 |     75 |    205 |   2469 |   5 |  678.2 |
               +--------+--------+--------+--------+--------+-----+--------+

Top non-repeatable levels by time:
     D:1: 1430 daAuts
     D:2: 1359 daAuts
     D:3: 514 daAuts
     D:6: 45 daAuts
     D:5: 40 daAuts
